EVO
PENNSYLVANIA STATE UNIVERSITY NITTANY LIONS @ WICHITA STATE UNIVERSITY SHOCKERS
12/03/2047
 
TOP OF THE 1ST
Pennsylvania State University Nittany Lions batting - Pitching for Wichita State University Shockers : RHP Kyle Gray
Pitching: RHP Kyle Gray
Batting: RHB Jesse Bandt 0-0: Ball
1-0: Ball
2-0: Ground out 6-3 (Groundball, 6, EV 83.1 MPH)
Batting: RHB Pete Martin 0-0: Ground out 3-1 (Groundball, 34, EV 82.5 MPH)
Batting: RHB Josh Ebeling 0-0: SOLO HOME RUN (Flyball, 7LD, EV 92.5 MPH), Distance : 362 ft
Batting: RHB Rob Hinojosa 0-0: SINGLE (Groundball, 6MD, EV 105.6 MPH)
Batting: RHB Victor Victorino 0-0: Called Strike
0-1: Ball
1-1: Ball
2-1: Ball
3-1: Foul Ball, location: 2F
3-2: Base on Balls
Rob Hinojosa to second
Batting: RHB Joe Strachan 0-0: Fly out, F8 (Flyball, 8LM, EV 76.9 MPH)
Top of the 1st over - 1 run, 2 hits, 0 errors, 2 left on base; Pennsylvania State University 1 - Wichita State University 0
BOTTOM OF THE 1ST
Wichita State University Shockers batting - Pitching for Pennsylvania State University Nittany Lions : LHP Yari Rono
Pitching: LHP Yari Rono
Batting: RHB Alex Zeledon 0-0: Ball
1-0: Foul Ball, location: 2F
1-1: Ball
2-1: Ball
3-1: Foul Ball, location: 2F
3-2: Fly out, F7 (Flyball, 78D, EV 88.1 MPH)
Batting: RHB Lucio Baratta 0-0: Ball
1-0: Foul Ball, location: 2F
1-1: Ball
2-1: Ball
3-1: Called Strike
3-2: SINGLE (Groundball, 56, EV 95.6 MPH)
Batting: RHB Byron Whitehead 0-0: Foul Ball, location: 2F
0-1: Foul Ball, location: 2F
0-2: Strikes out looking
Batting: LHB Carlos Flores 0-0: Ball
1-0: Ball
2-0: Swinging Strike
2-1: Foul Ball, location: 2F
2-2: Strikes out swinging
Bottom of the 1st over - 0 runs, 1 hit, 0 errors, 1 left on base; Pennsylvania State University 1 - Wichita State University 0
TOP OF THE 2ND
Pennsylvania State University Nittany Lions batting - Pitching for Wichita State University Shockers : RHP Kyle Gray
Batting: RHB Francisco Velazquez 0-0: Foul Ball, location: 2F
0-1: Ground out 5-3 (Groundball, 6S, EV 83.8 MPH)
Batting: LHB Dan Lape 0-0: Ground out 6-3 (Groundball, 6, EV 88.1 MPH)
Batting: RHB Perry Brantley 0-0: Ball
1-0: Foul Ball, location: 2F
1-1: Foul Ball, location: 2F
1-2: Ball
2-2: Fly out, F9 (Line Drive, 9, EV 87.5 MPH)
Top of the 2nd over - 0 runs, 0 hits, 0 errors, 0 left on base; Pennsylvania State University 1 - Wichita State University 0
BOTTOM OF THE 2ND
Wichita State University Shockers batting - Pitching for Pennsylvania State University Nittany Lions : LHP Yari Rono
Batting: RHB Kyle Gill 0-0: Swinging Strike
0-1: Foul Ball, location: 2F
0-2: Foul Ball, location: 2F
0-2: SINGLE (Groundball, 56D, EV 99.4 MPH)
Batting: LHB Kyle Lee 0-0: SINGLE (Groundball, 3D, EV 100.6 MPH)
Kyle Gill to second
Runner from 2nd tries for 3rd, SAFE, no throw by RF
Batting: SHB Mike Chafe 0-0: Called Strike
0-1: Ball
1-1: Ball
2-1: Fly out, F9 (Line Drive, 89M, EV 108.1 MPH)
Runner from 3rd tags up, SCORES, throw by RF
Batting: RHB Jeff Grant 0-0: Ground out 5-3 (Groundball, 5S, EV 65.0 MPH)
Kyle Lee to second
Batting: SHB Peter Faggard 0-0: Ball
1-0: Ball
2-0: Ball
3-0: Base on Balls
Batting: RHB Alex Zeledon 0-0: Called Strike
0-1: Ball
1-1: Ball
2-1: Fly out, F7 (Flyball, 7D, EV 92.5 MPH)
Bottom of the 2nd over - 1 run, 2 hits, 0 errors, 2 left on base; Pennsylvania State University 1 - Wichita State University 1
TOP OF THE 3RD
Pennsylvania State University Nittany Lions batting - Pitching for Wichita State University Shockers : RHP Kyle Gray
Batting: RHB Jesse Bandt 0-0: Ball
1-0: SINGLE (Groundball, 6MD, EV 107.5 MPH) (infield hit)
Batting: RHB Pete Martin 0-0: Called Strike
0-1: Ball
1-1: Ball
2-1: Ground out 6-3 (Groundball, 6S, EV 73.8 MPH)
Jesse Bandt to second
Batting: RHB Josh Ebeling 0-0: Called Strike
0-1: Foul Ball, location: 2F
0-2: Strikes out swinging
Batting: RHB Rob Hinojosa 0-0: Ball
1-0: Fly out, F8 (Line Drive, 89M, EV 99.4 MPH)
Top of the 3rd over - 0 runs, 1 hit, 0 errors, 1 left on base; Pennsylvania State University 1 - Wichita State University 1
BOTTOM OF THE 3RD
Wichita State University Shockers batting - Pitching for Pennsylvania State University Nittany Lions : LHP Yari Rono
Batting: RHB Lucio Baratta 0-0: Ball
1-0: Called Strike
1-1: Foul Ball, location: 2F
1-2: Ball
2-2: SOLO HOME RUN (Flyball, 8LXD, EV 110.6 MPH), Distance : 439 ft
Batting: RHB Byron Whitehead 0-0: Called Strike
0-1: Ground out 4-3 (Groundball, 34, EV 103.1 MPH)
Batting: LHB Carlos Flores 0-0: Fly out, F9 (Flyball, 89S, EV 76.2 MPH)
Batting: RHB Kyle Gill 0-0: Ball
1-0: Fly out, F8 (Flyball, 78XD, EV 106.2 MPH)
Bottom of the 3rd over - 1 run, 1 hit, 0 errors, 0 left on base; Pennsylvania State University 1 - Wichita State University 2
TOP OF THE 4TH
Pennsylvania State University Nittany Lions batting - Pitching for Wichita State University Shockers : RHP Kyle Gray
Batting: RHB Victor Victorino 0-0: DOUBLE (Line Drive, 89D, EV 103.8 MPH)
Batting: RHB Joe Strachan 0-0: Swinging Strike
0-1: Foul Ball, location: 2F
0-2: Foul Ball, location: 2F
0-2: Fly out, F9 (Flyball, 89S, EV 81.2 MPH)
Batting: RHB Francisco Velazquez 0-0: Swinging Strike
0-1: Foul Ball, location: 2F
0-2: Ball
1-2: Ground out 5-3 (Groundball, 5L, EV 101.9 MPH)
Batting: LHB Dan Lape 0-0: Ball
1-0: SINGLE (Groundball, 56D, EV 103.8 MPH)
Victor Victorino to third
Batting: RHB Perry Brantley 0-0: Ball
1-0: Ball
2-0: Swinging Strike
2-1: Ball
3-1: Base on Balls
Dan Lape to second
Batting: RHB Jesse Bandt 0-0: Called Strike
0-1: Called Strike
0-2: Ball
1-2: Ball
2-2: Ball
3-2: Foul Ball, location: 2F
3-2: Foul Ball, location: 2F
3-2: Strikes out swinging
Top of the 4th over - 0 runs, 2 hits, 0 errors, 3 left on base; Pennsylvania State University 1 - Wichita State University 2
BOTTOM OF THE 4TH
Wichita State University Shockers batting - Pitching for Pennsylvania State University Nittany Lions : LHP Yari Rono
Batting: LHB Kyle Lee 0-0: Ball
1-0: Called Strike
1-1: Foul Ball, location: 2F
1-2: Fly out, F7 (Flyball, 7, EV 94.4 MPH)
Batting: SHB Mike Chafe 0-0: Called Strike
0-1: Ball
1-1: Foul Ball, location: 2F
1-2: Fly out, F3 (Popup, 3SF, EV 72.5 MPH)
Batting: RHB Jeff Grant 0-0: Called Strike
0-1: Ball
1-1: Ball
2-1: Swinging Strike
2-2: Strikes out swinging
Bottom of the 4th over - 0 runs, 0 hits, 0 errors, 0 left on base; Pennsylvania State University 1 - Wichita State University 2
TOP OF THE 5TH
Pennsylvania State University Nittany Lions batting - Pitching for Wichita State University Shockers : RHP Kyle Gray
Batting: RHB Pete Martin 0-0: Ground out 6-3 (Groundball, 56D, EV 110.6 MPH)
Batting: RHB Josh Ebeling 0-0: Ball
1-0: Ball
2-0: Ball
3-0: Called Strike
3-1: Fly out, F9 (Flyball, 9D, EV 104.4 MPH)
Batting: RHB Rob Hinojosa 0-0: Ball
1-0: Ball
2-0: Called Strike
2-1: Foul Ball, location: 2F
2-2: SINGLE (Groundball, 56D, EV 98.8 MPH)
Batting: RHB Victor Victorino 0-0: Ball
1-0: Called Strike
1-1: Foul Ball, location: 2F
1-2: Ball
2-2: Strikes out swinging
Top of the 5th over - 0 runs, 1 hit, 0 errors, 1 left on base; Pennsylvania State University 1 - Wichita State University 2
BOTTOM OF THE 5TH
Wichita State University Shockers batting - Pitching for Pennsylvania State University Nittany Lions : LHP Yari Rono
Batting: SHB Peter Faggard 0-0: Called Strike
0-1: Foul Ball, location: 2F
0-2: Ground out 5-3 (Groundball, 56S, EV 86.2 MPH)
Batting: RHB Alex Zeledon 0-0: Ball
1-0: Ball
2-0: Ball
3-0: Foul Ball, location: 2F
3-1: Base on Balls
Batting: RHB Lucio Baratta 0-0: Fly out, F7 (Line Drive, 7S, EV 110.0 MPH)
Batting: RHB Byron Whitehead 0-0: Foul Ball, location: 2F
0-1: Ball
1-1: Swinging Strike
1-2: Strikes out swinging
Bottom of the 5th over - 0 runs, 0 hits, 0 errors, 1 left on base; Pennsylvania State University 1 - Wichita State University 2
TOP OF THE 6TH
Pennsylvania State University Nittany Lions batting - Pitching for Wichita State University Shockers : RHP Kyle Gray
Batting: RHB Joe Strachan 0-0: Ball
1-0: DOUBLE (Flyball, 89D, EV 94.4 MPH)
Batting: RHB Francisco Velazquez 0-0: Ball
1-0: Fly out, F8 (Flyball, 8LXD, EV 104.4 MPH)
Runner from 2nd tags up, SAFE at 3rd, no throw by CF
Batting: LHB Dan Lape 0-0: Fly out, F9 (Flyball, 89M, EV 87.5 MPH)
Runner from 3rd tags up, SCORES, throw by RF
Batting: RHB Perry Brantley 0-0: Foul Ball, location: 2F
0-1: Ground out 6-3 (Groundball, 6M, EV 106.9 MPH)
Top of the 6th over - 1 run, 1 hit, 0 errors, 0 left on base; Pennsylvania State University 2 - Wichita State University 2
BOTTOM OF THE 6TH
Wichita State University Shockers batting - Pitching for Pennsylvania State University Nittany Lions : LHP Yari Rono
Batting: LHB Carlos Flores 0-0: Ball
1-0: Ball
2-0: Ball
3-0: Base on Balls
Batting: RHB Kyle Gill 0-0: Fielders Choice at 2nd, 6-4 (Groundball, 6, EV 85.0 MPH)
Batting: LHB Kyle Lee 0-0: Ball
1-0: Fly out, F4 (Line Drive, 4M, EV 71.9 MPH)
Pitching: RHP David Cantu
Batting: SHB Mike Chafe 0-0: Ball
1-0: Foul Ball, location: 2F
1-1: Called Strike
1-2: Fly out, F9 (Flyball, 89M, EV 93.1 MPH)
Bottom of the 6th over - 0 runs, 0 hits, 0 errors, 1 left on base; Pennsylvania State University 2 - Wichita State University 2
TOP OF THE 7TH
Pennsylvania State University Nittany Lions batting - Pitching for Wichita State University Shockers : RHP Kyle Gray
Batting: RHB Jesse Bandt 0-0: Swinging Strike
0-1: Foul Ball, location: 2F
0-2: Ball
1-2: Ground out 1-3 (Groundball, 13, EV 73.1 MPH)
Pitching: LHP Jacob Seymour
Batting: RHB Pete Martin 0-0: Called Strike
0-1: Called Strike
0-2: Ball
1-2: Foul Ball, location: 2F
1-2: Fly out, F8 (Flyball, 8LD, EV 88.8 MPH)
Batting: RHB Josh Ebeling 0-0: Called Strike
0-1: Called Strike
0-2: Ball
1-2: Ground out 6-3 (Groundball, 6, EV 103.8 MPH)
Top of the 7th over - 0 runs, 0 hits, 0 errors, 0 left on base; Pennsylvania State University 2 - Wichita State University 2
BOTTOM OF THE 7TH
Wichita State University Shockers batting - Pitching for Pennsylvania State University Nittany Lions : RHP David Cantu
Pitching: RHP Jamie Galarza
Batting: RHB Jeff Grant 0-0: Fly out, F8 (Flyball, 8LS, EV 91.9 MPH)
Batting: SHB Peter Faggard 0-0: Ground out 5-3 (Groundball, 5, EV 88.1 MPH)
Batting: RHB Alex Zeledon 0-0: Called Strike
0-1: Ball
1-1: SINGLE (Line Drive, 6D, EV 98.1 MPH)
Batting: RHB Lucio Baratta 0-0: Foul Ball, location: 2F
0-1: Called Strike
0-2: SINGLE (Line Drive, 9S, EV 99.4 MPH)
Alex Zeledon to second
Batting: RHB Byron Whitehead 0-0: Ground out 3-1 (Groundball, 34, EV 91.9 MPH)
Bottom of the 7th over - 0 runs, 2 hits, 0 errors, 2 left on base; Pennsylvania State University 2 - Wichita State University 2
TOP OF THE 8TH
Pennsylvania State University Nittany Lions batting - Pitching for Wichita State University Shockers : LHP Jacob Seymour
Batting: RHB Rob Hinojosa 0-0: Ball
1-0: Foul Ball, location: 2F
1-1: Fly out, F7 (Flyball, 7D, EV 101.9 MPH)
Batting: RHB Victor Victorino 0-0: Ball
1-0: Swinging Strike
1-1: Called Strike
1-2: Strikes out swinging
Batting: RHB Joe Strachan 0-0: Ball
1-0: Ball
2-0: Ball
3-0: Base on Balls
Batting: RHB Francisco Velazquez 0-0: Ball
1-0: DOUBLE (Line Drive, 9LM, EV 100.6 MPH)
Joe Strachan to third
Runner from 3rd tries for Home, SAFE, throw by RF to home
Batting: LHB Dan Lape 0-0: Ball
1-0: Foul Ball, location: 2F
1-1: Foul Ball, location: 2F
1-2: Fly out, F9 (Flyball, 9, EV 88.8 MPH)
Top of the 8th over - 1 run, 1 hit, 0 errors, 1 left on base; Pennsylvania State University 3 - Wichita State University 2
BOTTOM OF THE 8TH
Wichita State University Shockers batting - Pitching for Pennsylvania State University Nittany Lions : RHP Jamie Galarza
Pitching: LHP Roberto Mendez
Batting: LHB Carlos Flores 0-0: Foul Ball, location: 2F
0-1: Ground out 6-3 (Groundball, 56S, EV 67.5 MPH)
Pitching: RHP Velimir Danicic
Batting: RHB Kyle Gill 0-0: Called Strike
0-1: Called Strike
0-2: Strikes out swinging
Batting: LHB Kyle Lee 0-0: Called Strike
0-1: Foul Ball, location: 2F
0-2: Ball
1-2: Foul Ball, location: 2F
1-2: Ground out 4-3 (Groundball, 34S, EV 87.5 MPH)
Bottom of the 8th over - 0 runs, 0 hits, 0 errors, 0 left on base; Pennsylvania State University 3 - Wichita State University 2
TOP OF THE 9TH
Pennsylvania State University Nittany Lions batting - Pitching for Wichita State University Shockers : LHP Jacob Seymour
Pitching: LHP John Schroeder
Batting: RHB Perry Brantley 0-0: Foul Ball, location: 2F
0-1: SINGLE (Groundball, 34D, EV 103.8 MPH)
Batting: RHB Jesse Bandt 0-0: Ball
1-0: Called Strike
1-1: Called Strike
1-2: Ball
2-2: Strikes out swinging
Batting: RHB Pete Martin 0-0: Swinging Strike
0-1: Swinging Strike
0-2: Ball
1-2: Ball
2-2: Strikes out swinging
Batting: RHB Josh Ebeling 0-0: Ball
1-0: Ball
2-0: Called Strike
2-1: Swinging Strike
2-2: Strikes out swinging
Top of the 9th over - 0 runs, 1 hit, 0 errors, 1 left on base; Pennsylvania State University 3 - Wichita State University 2
BOTTOM OF THE 9TH
Wichita State University Shockers batting - Pitching for Pennsylvania State University Nittany Lions : RHP Velimir Danicic
Pitching: RHP Preki Nedic
Batting: SHB Mike Chafe 0-0: Called Strike
0-1: Ball
1-1: Called Strike
1-2: Foul Ball, location: 2F
1-2: Ball
2-2: Foul Ball, location: 2F
2-2: SINGLE (Line Drive, 78S, EV 103.8 MPH)
Pinch Hitting: LHB Troy Davies 0-0: Foul Ball, location: 2F
0-1: Called Strike
0-2: Ball
1-2: Fly out, F9 (Flyball, 89S, EV 86.2 MPH)
Batting: SHB Peter Faggard 0-0: Called Strike
0-1: Called Strike
0-2: Ball
1-2: Strikes out swinging
Batting: RHB Alex Zeledon 0-0: Ball
1-0: Foul Ball, location: 2F
1-1: Ball
2-1: Foul Ball, location: 2F
2-2: Ground out 1-3 (Groundball, 13, EV 68.1 MPH)
Bottom of the 9th over - 0 runs, 1 hit, 0 errors, 1 left on base; Pennsylvania State University 3 - Wichita State University 2
Thursday, December 15th , 2022 - OOTP Baseball 23.9 Build 102